 Dungeon Crawl Stone Soup version 0.30.0-13-g156ef70053 (webtiles) character file.

Game seed: 8460054206295140532

91 olmar the Covered (level 4, 0/40 HPs)
             Began as an Armataur Fighter on May 17, 2023.
             Succumbed to Robin's poison
             ... on level 2 of the Dungeon.
             The game lasted 00:01:34 (1610 turns).

olmar the Covered (Armataur Fighter)                Turns: 1610, Time: 00:01:35

Health: 0/40       AC:  7    Str: 23    XL:     4   Next: 34%
Magic:  4/4        EV:  7    Int:  9    God:
Gold:   99         SH:  4    Dex:  9    Spells: 3/3 levels left

rFire   + . .        a - +0 flail
rCold   . . .        c - +0 buckler
rNeg    . . .        b - +0 scale mail
rPois   .            (no helmet)
rElec   .            (no cloak)
rCorr   .            (no gloves)
SInv    .            (no barding)
Will    .....        (no amulet) Stlth
                     j - ring of protection from fire
HPRegen 0.26/turn    (no ring)
MPRegen 0.09/turn

%: roll
@: mighty, lethally poisoned (0 -> -19), flying
A: large, rugged brown scales 3, deformed body, armoured tail, roll, long
tongue, awkward tongue
a: no special abilities


You were on level 2 of the Dungeon.
You visited 1 branch of the dungeon, and saw 2 of its levels.

You collected 99 gold pieces.

Inventory:

Hand Weapons
 a - a +0 flail (weapon)
Armour
 b - a +0 scale mail (worn)
 c - a +0 buckler (worn)
Jewellery
 j - a ring of protection from fire (left hand)
Scrolls
 g - a scroll of brand weapon {unknown}
 h - a scroll of vulnerability {unknown}
 i - a scroll of amnesia {unknown}
 k - 3 scrolls of identify {unknown}
 l - a scroll of noise {unknown}
 o - a scroll of fear {unknown}
Potions
 e - a potion of heal wounds {unknown}
 m - a potion of lignification {unknown}
 n - a potion of curing {unknown}


   Skills:
 + Level 3.0 Fighting
 + Level 2.9 Maces & Flails
 + Level 4.3 Armour
 + Level 0.3 Dodging
 + Level 0.6 Stealth
 + Level 3.9 Shields


You had 3 spell levels left.
You didn't know any spells.
Your spell library contained the following spells:

 Spells                   Type           Power      Damage    Failure   Level
 Gell's Gravitas          Tloc           0%         N/A       98%         3
 Teleport Other           Tloc           0%         N/A       98%         3
 Dispersal                Tloc           0%         N/A       100%        6


Dungeon Overview and Level Annotations

Branches:
Dungeon (2/15)

Altars:

Annotations:
D:2 Robin


Innate Abilities, Weirdness & Mutations

You are completely covered in rugged brown scales. (AC +3, +7% HP)
Armour fits poorly on your strangely shaped body.
You have a long armoured tail.
You roll when moving toward enemies. (Rampage)
Your long tongue fully drains potion bottles. (2x potion effects)
Your tongue gives you trouble enunciating. (1.5x scroll delay)


Message History

You kill the goblin!
Robin throws the goblin at you! The goblin hits you but does no damage.
Robin completely misses you. The goblin hits you with a +0 club.
You barely miss the goblin. You block Robin's attack.
The goblin hits you with a +0 club.
You barely miss the goblin. You block Robin's attack.
The goblin hits you but does no damage.
You barely miss the goblin.
Robin hits you from afar with a +1 spear of venom.
You are poisoned.
You block the goblin's attack.
You are too injured to fight recklessly!
You are too injured to fight recklessly!
Unknown command.
You closely miss the goblin.
You feel very sick.
The hobgoblin no longer looks unusually strong.
Robin hits you but does no damage.
You are more poisoned.
The goblin hits you but does no damage. Robin hits you but does no damage.
The goblin hits you but does no damage.
You feel very mighty all of a sudden.
You slurp down every last drop of the potion of might!
You feel sick.
Robin hits you from afar with a +1 spear of venom.
* * * LOW HITPOINT WARNING * * *
You are lethally poisoned!
The goblin hits you but does no damage.
You roll towards Robin!
You sock Robin!
Robin is severely wounded.
* * * LOW HITPOINT WARNING * * *
You feel extremely sick.
The goblin no longer looks unusually strong.
Robin hits you with a +1 spear of venom.
* * * LOW HITPOINT WARNING * * *
It was a potion of flight.
You feel very buoyant.
You fly up into the air.
You slurp down every last drop of the potion of flight!
You die...

#.# ######<....
##.# ##...... #..#
#..##### #.##
##)## # #.# #..# #
#.# ###.## ### #)#
#...#####.. #g#
#.####....# #@#
####.# #..#### #g#
#....# #.## #g#
#.######)# ### #g#
#.#####..###[.
#.###.#.....##...#
#.##....#####..###
#.#...###†....##
#.######..#####
#...#


You could see Robin, a hobgoblin and 2 goblins.

Vanquished Creatures
  5 adders (D:2)
  A worm (D:2)
  3 dart slugs (D:2)
  4 bats
  2 endoplasms (D:1)
  A giant cockroach (D:2)
  3 goblins (D:2)
  2 hobgoblins
  2 kobolds
  2 quokkas
  6 ball pythons
  4 frilled lizards
  4 rats
  A spectral goblin (D:1)
40 creatures vanquished.

Notes
Turn   | Place    | Note
-------+----------+-------------------------------------------
     0 | D:1      | olmar the Armataur Fighter began the quest for the Orb.
     0 | D:1      | Reached XP level 1. HP: 19/19 MP: 1/1
   161 | D:1      | Reached XP level 2. HP: 26/26 MP: 2/2
   316 | D:1      | Found a faded altar of an unknown god.
   651 | D:1      | Reached skill level 4 in Armour
   940 | D:2      | Reached XP level 3. HP: 15/32 MP: 3/3
  1368 | D:2      | Reached XP level 4. HP: 35/39 MP: 4/4
  1593 | D:2      | Noticed Robin
  1610 | D:2      | Succumbed to Robin's poison

Illustrated notes

Levels and vault maps discovered:
D:1:      ncdulo_halloftheorcs, layout_basic, serial_forest,
          infiniplex_forest_end_2, infiniplex_forest_corner_2,
          infiniplex_forest_end_1, infiniplex_forest_straight_3,
          dreamdust_ecumenical_altar_drowned_temple, chequers_mini_garden
D:2:      layout_rooms, uniq_robin

Skill      XL: |  1  2  3  4 |
---------------+-------------+-----
Armour         | 4 |  4.3
Maces & Flails | 2 |  2.9
Fighting       | 3 |  3.0
Dodging        | |  0.3
Stealth        | |  0.6
Shields        | |  3.9

Action                     |  1- 3 |  4- 6 || total
---------------------------+-------+-------++-------
  Melee: Flail             |   104 |    46 ||   150
         Tailslap          |     3 |     6 ||     9
    Use: Potion            |       |     2 ||     2
 Armour: Scale mail        |    55 |    42 ||    97
  Dodge: Dodged            |    41 |    27 ||    68
  Block: Buckler           |    24 |    15 ||    39
